 Dungeon Crawl Stone Soup version 0.29.1-15-g9cfb28693d (webtiles) character file.

Game seed: 6181324342076250551

235 Gumption the Chopper (level 5, 0/48 HPs)
             Began as a Minotaur Berserker on Mar 27, 2023.
             Was a Believer of Trog.
             Killed by divine providence
             ... invoked by an orc priest
              (12 damage)
             ... on level 3 of the Dungeon.
             The game lasted 00:15:16 (2882 turns).

Gumption the Chopper (Minotaur Berserker)           Turns: 2882, Time: 00:15:16

Health: 0/48       AC:  8    Str: 23    XL:     5   Next: 76%
Magic:  4/4        EV: 11    Int:  4    God:    Trog [**....]
Gold:   118        SH:  0    Dex: 10    Spells: 4/4 levels left

rFire   . . .      SeeInvis .   a - +0 hand axe
rCold   . . .      Faith    .   (no shield)
rNeg    . . .      Spirit   .   g - +0 ring mail
rPois   .          Reflect  .   (helmet restricted)
rElec   .          Harm     .   (no cloak)
rCorr   .          Rampage  .   (no gloves)
Will    .....                   i - +1 pair of boots
Stlth   ..........              (no amulet)
HPRegen 0.16/turn               (no ring)
MPRegen 0.09/turn               (no ring)

@: no status effects
A: horns 2, retaliatory headbutt
a: Renounce Religion, Berserk, Trog's Hand


You were on level 3 of the Dungeon.
You worshipped Trog.
Trog was pleased with you.
You visited 1 branch of the dungeon, and saw 3 of its levels.

You collected 118 gold pieces.

Inventory:

Hand Weapons
 a - a +0 hand axe (weapon)
 b - a +0 sling
 c - a +2 falchion of flaming
Armour
 g - a +0 ring mail (worn)
 i - a +1 pair of boots (worn)
Scrolls
 d - a scroll of silence {unknown}
 h - a scroll of magic mapping
 k - 2 scrolls of identify {unknown}
 l - a scroll of blinking {unknown}
Potions
 e - a potion of berserk rage {unknown}
 f - a potion of haste {unknown}
 j - a potion of flight {unknown}
 m - a potion of degeneration {unknown}


   Skills:
 + Level 5.0 Fighting
 * Level 6.1 Axes
 + Level 4.2 Armour
 - Level 2.1 Dodging


You had 4 spell levels left.
You didn't know any spells.
Your spell library was empty.

Dungeon Overview and Level Annotations

Branches:
Dungeon (3/15)

Altars:

Shops:
D:2 (


Innate Abilities, Weirdness & Mutations

You have a pair of horns on your head.
You reflexively headbutt those who attack you in melee.


Message History

The orc priest is severely wounded.
The orc priest barely misses you.
You hit the orc priest. You headbutt the orc priest.
The orc priest is almost dead.
The orc priest calls down the wrath of Beogh upon you.
Beogh smites you!
You closely miss the orc priest.
You headbutt the orc priest, but do no damage.
The orc priest is almost dead.
The orc priest barely misses you.
You hit the orc priest.
You kill the orc priest!
Trog accepts your kill.
Your Fighting skill increases to level 5!
Your Axes skill increases to level 6!
You hit the orc.
The orc is severely wounded.
The orc barely misses you.
Unknown command.
You closely miss the orc.
The orc is severely wounded.
The orc hits you with a +0 hand axe.
The orc priest looks encouraged for a moment.
You slash the orc!
You kill the orc!
Trog accepts your kill.
You closely miss the orc priest.
The orc priest calls down the wrath of Beogh upon you.
You barely resist.
You hit the orc priest but do no damage.
You headbutt the orc priest.
The orc priest is moderately wounded.
The orc priest invokes the aid of Beogh against you.
Beogh smites you!
* * * LOW HITPOINT WARNING * * *
You barely miss the orc priest.
The orc priest is moderately wounded.
The orc priest calls down the wrath of Beogh upon you.
Beogh smites you!
You die...

### ## #... .# #.#.### .###
##############. ...# ...
............##. #.#####.# ..
###########.##.###.......###...
#####.##..@o..#..?.......
#######.....######....#(o.....#
......+.................#.o.#..
...####.....######........#....
......+.....# ##....)..# o..
#######.....# #......#...#.. ..
#.....# #....#.......# .####
#....†# #..#..........
....#.#.....# #.............


You could see an orc priest.

Vanquished Creatures
  An ice beast (D:3)
  An orc priest (D:3)
  5 adders
  2 dart slugs (D:1)
  4 orcs (D:3)
  3 endoplasms (D:3)
  2 giant cockroaches
  4 goblins
  6 hobgoblins
  4 jackals (D:1)
  5 quokkas
  4 ball pythons
  6 bats
  3 frilled lizards
  6 kobolds
  5 rats
61 creatures vanquished.

Notes
Turn   | Place    | Note
-------+----------+-------------------------------------------
     0 | D:1      | Gumption the Minotaur Berserker began the quest for the
                  | Orb.
     0 | D:1      | Reached XP level 1. HP: 19/19 MP: 0/0
   233 | D:1      | Reached skill level 4 in Axes
   389 | D:1      | Reached XP level 2. HP: 26/27 MP: 1/1
   601 | D:1      | Found a faded altar of an unknown god.
  1146 | D:2      | Reached XP level 3. HP: 21/33 MP: 2/2
  1500 | D:2      | Reached ** piety under Trog
  1796 | D:2      | Found Xazanon's Antique Weapon Shop.
  2273 | D:3      | Reached skill level 5 in Axes
  2273 | D:3      | Reached XP level 4. HP: 38/41 MP: 3/3
  2707 | D:3      | Noticed an ice beast
  2716 | D:3      | Killed an ice beast
  2717 | D:3      | Reached XP level 5. HP: 47/47 MP: 4/4
  2877 | D:3      | Reached skill level 5 in Fighting
  2877 | D:3      | Reached skill level 6 in Axes
  2882 | D:3      | Killed from afar by an orc priest

Illustrated notes

Levels and vault maps discovered:
D:1:      dpeg_arrival_fog, layout_loops_corners,
          hellmonk_ecumenical_altar_crossroads, minmay_heptomino_h4
D:2:      layout_loops_ring, serial_shops, nicolae_shop_statue_plus
D:3:      minmay_spotlight, layout_basic, minmay_misc_feat_more_columns

Skill      XL: |  1  2  3  4  5 |
---------------+----------------+-----
Axes           | 4 5 6 |  6.1
Fighting       | 4 5 |  5.0
Armour         | 3 4 |  4.2
Dodging        | |  2.1

Action                   |  1- 3 |  4- 6 || total
-------------------------+-------+-------++-------
Melee: Hand axe          |    92 |    61 ||   153
       Headbutt          |    13 |     9 ||    22
       Punch             |       |     1 ||     1
Invok: Berserk           |       |     1 ||     1
  Use: Scroll            |     4 |       ||     4
Armor: Animal skin       |     4 |       ||     4
       Ring mail         |    17 |    27 ||    44
Dodge: Dodged            |    54 |    28 ||    82
